 Dungeon Crawl Stone Soup version 0.28-a0-407-g69098e2f6d (webtiles) character file.

Game seed: 14488522410203131244

42 ooooo the Conjurer (level 3, -7/14 HPs)
             Began as a Felid Conjurer on Sept 5, 2021.
             Killed from afar by Sigmund (8 damage)
             ... with a magic dart
             ... on level 2 of the Dungeon.
             The game lasted 00:02:45 (1511 turns).

ooooo the Conjurer (Felid Conjurer)                 Turns: 1511, Time: 00:02:47

Health: -7/14      AC:  1    Str:  3    XL:     3   Next: 33%
Magic:  0/8        EV: 17    Int: 20    God:
Gold:   24         SH:  0    Dex: 14    Spells: 4/7 levels left
                                        Lives:  0   Deaths: 0

rFire   . . .      SeeInvis +   (weapon unavailable)
rCold   . . .      Faith    .   (shield unavailable)
rNeg    . . .      Spirit   .   (armour unavailable)
rPois   .          Reflect  .   (helmet unavailable)
rElec   .          Harm     .   (cloak unavailable)
rCorr   .          Rampage  .   (gloves unavailable)
Will    .....                   (boots unavailable)
Stlth   ++........              (no amulet)
HPRegen 0.04/turn               (no ring)
MPRegen 0.11/turn               (no ring)

@: attractive, hasted, very quick
A: very small, claws 1, fangs 3, see invisible, speed 1, shaggy fur 1, stealthy
paws, no weapons or thrown items, no armour, multi-lived
a: no special abilities


You were on level 2 of the Dungeon.
You visited 1 branch of the dungeon, and saw 2 of its levels.

You collected 24 gold pieces.

Inventory:

Jewellery
 d - an amulet of regeneration
Scrolls
 b - a scroll of blinking {unknown}
 f - 2 scrolls of teleportation
 h - a scroll of identify
Potions
 a - a potion of brilliance
 e - a potion of mutation
 g - a potion of haste


   Skills:
 - Level 2.6 Dodging
 - Level 2.6 Stealth
 + Level 2.9 Spellcasting
 + Level 4.2 Conjurations


You had 4 spell levels left.
You knew the following spells:

 Your Spells              Type           Power      Damage    Failure   Level
a - Magic Dart            Conj           76%        1d6       2%          1
b - Searing Ray           Conj           38%        3d4       3%          2

Your spell library contained the following spells:

 Spells                   Type           Power      Damage    Failure   Level
 Dazzling Flash           Conj/Hex       22%        N/A       19%         3
 Fulminant Prism          Conj/Hex       5%         3d7       52%         4
 Iskenderun's Mystic Bla  Conj/Tloc      11%        2d4       52%         4


Dungeon Overview and Level Annotations

Branches:
Dungeon (2/15)

Altars:

Annotations:
D:2 1 runed translucent door, Crazy Yiuf, Sigmund


Innate Abilities, Weirdness & Mutations

You have sharp claws.
You have razor-sharp teeth.
You have supernaturally acute eyesight. (SInv)
You cover ground quickly. (Speed+)
You are covered in fur. (AC +1)
Your paws help you pounce on unaware monsters.
You are incapable of wielding weapons or throwing items.
You cannot wear armour.
You gain extra lives every three experience levels.


Message History

The searing ray misses the kobold.
The searing ray misses Sigmund. (Press . to maintain the ray.)
The quokka completely misses you.
The searing ray misses the kobold.
The searing ray misses Sigmund.
The quokka misses you.
The searing ray hits the kobold!
You kill the kobold!
The searing ray hits Sigmund.
Sigmund is moderately wounded.
Sigmund completely misses you. The quokka bites you.
* * * LOW HITPOINT WARNING * * *
The searing ray hits Sigmund!
Sigmund is severely wounded.
You finish channelling your searing ray.
The quokka closely misses you. Sigmund misses you.
Casting: Searing Ray (safe; 3% risk of failure)
Confirm with . or Enter, or press ? or * to list all spells.
Aiming: Searing Ray (safe; 3% risk of failure)
Press: ? - help, Shift-Dir - straight line, f/p - Sigmund
Aim: Sigmund, wielding a +0 scythe and wearing a +0 robe (severely wounded, 75% to hit)
The searing ray misses Sigmund. (Press . to maintain the ray.)
The quokka closely misses you. x2
The searing ray misses Sigmund.
Sigmund completely misses you. The quokka barely misses you.
Without enough magic to sustain it, your searing ray dissipates.
The quokka bites you but does no damage.
Sigmund barely misses you.
You aren't carrying any items that you can evoke.
Unknown command.
It was a potion of haste.
You feel yourself speed up. The quokka closely misses you.
It was a potion of attraction.
You feel attractive to monsters. The quokka bites you.
* * * LOW HITPOINT WARNING * * *
Sigmund points at you and mumbles some strange words.
The magic dart hits you!
Ouch! That really hurt!
You die...

# #.##.##########
# #....##.......#
# ####'##.#####.#
#.<..# #.# #...##
#.# ####...# #.#
##..#...# #.#
###.......# #r#
.#........######@#
#.#...#...#...@).#
#######.###.######
#.# #.# #######.#
#.# ........# #.#
.......## #K#
.......####.#
.......'..#@#


You could see Sigmund and a quokka.

Vanquished Creatures
  An adder (D:2)
  2 worms (D:2)
  2 dart slugs
  2 bats
  An endoplasm (D:2)
  3 hobgoblins
  2 jackals (D:1)
  2 frilled lizards
  3 goblins (D:1)
  2 kobolds (D:2)
  3 rats
23 creatures vanquished.

Notes
Turn   | Place    | Note
-------+----------+-------------------------------------------
     0 | D:1      | ooooo the Felid Conjurer began the quest for the Orb.
     0 | D:1      | Reached XP level 1. HP: 7/7 MP: 4/4
   266 | D:1      | Reached XP level 2. HP: 2/11 MP: 0/6
   595 | D:1      | Learned a level 2 spell: Searing Ray
   684 | D:1      | Found a faded altar of an unknown god.
   991 | D:2      | Reached skill level 4 in Conjurations
  1147 | D:2      | Reached XP level 3. HP: 14/14 MP: 0/8
  1388 | D:2      | Found a runed translucent door.
  1389 | D:2      | Noticed Crazy Yiuf
  1467 | D:2      | Noticed Sigmund
  1511 | D:2      | Killed from afar by Sigmund

Illustrated notes

Levels and vault maps discovered:
D:1:      zelgadis_glass_arrival_small, layout_rooms,
          ebering_ecumenical_altar_hall, minmay_misc_feat_square
D:2:      layout_basic, uniq_crazy_yiuf_cottage, uniq_sigmund

Skill      XL: |  1  2 |
---------------+-------+-----
Conjurations   | 4 |  4.2
Dodging        | |  2.6
Stealth        | |  2.6
Spellcasting   | |  2.9

Action                   || total
-------------------------++-------
Melee: Unarmed           ||    19
       Bite              ||     1
 Cast: Magic Dart        ||    24
       Searing Ray       ||     6
  Use: Scroll            ||     5
       Potion            ||     2
Armor: Skin              ||     3
Dodge: Dodged            ||    36

Table legend: (Time is in decaauts)
 A = Elapsed time spent in this place.
 B = Non-inter-level travel time spent in this place.
 C = Inter-level travel time spent in this place.
 D = Time resting spent in this place.
 E = Time spent auto-exploring this place.
 F = Levels seen in this place.
 G = Mean time per level.
                   A        B        C        D        E       F      G
               +--------+--------+--------+--------+--------+-----+--------+
         Total |   1365 |   1358 |      7 |    302 |    854 |   2 |  682.5 |
       Dungeon |   1365 |   1358 |      7 |    302 |    854 |   2 |  682.5 |
               +--------+--------+--------+--------+--------+-----+--------+

Top non-repeatable levels by time:
     D:1: 747 daAuts
     D:2: 618 daAuts
